EVO
UNIVERSITY OF TORONTO MARLIES @ UCLA BRUINS
11/15/2048
 
TOP OF THE 1ST
University of South Carolina Gamecocks batting - Pitching for UCLA Bruins : RHP Jim Marshall
Pitching: RHP Jim Marshall
Batting: RHB Mike Chiquete 0-0: Ground out 4-3 (Groundball, 4M, EV 105.6 MPH)
Batting: RHB Emanuel Estrada 0-0: Ball
1-0: Ball
2-0: Foul Ball, location: 2F
2-1: Ball
3-1: Called Strike
3-2: Fly out, F9 (Flyball, 89S, EV 96.9 MPH)
Batting: RHB Colin Morris 0-0: Swinging Strike
0-1: Foul Ball, location: 2F
0-2: Ball
1-2: Strikes out swinging
Top of the 1st over - 0 runs, 0 hits, 0 errors, 0 left on base; University of South Carolina 0 - UCLA 0
BOTTOM OF THE 1ST
UCLA Bruins batting - Pitching for University of South Carolina Gamecocks : RHP Zach Clausen
Pitching: RHP Zach Clausen
Batting: RHB Hidesuke Yoshida 0-0: Called Strike
0-1: Called Strike
0-2: Foul Ball, location: 2F
0-2: Ball
1-2: Ball
2-2: Ball
3-2: Strikes out swinging
Batting: RHB Benedikt Fleischmann 0-0: Swinging Strike
0-1: Ball
1-1: Foul Ball, location: 2F
1-2: Ball
2-2: Ball
3-2: Fly out, F7 (Flyball, 7, EV 86.2 MPH)
Batting: RHB Issac Konol 0-0: Ball
1-0: Foul Ball, location: 2F
1-1: Foul Ball, location: 2F
1-2: Ball
2-2: Strikes out swinging
Bottom of the 1st over - 0 runs, 0 hits, 0 errors, 0 left on base; University of South Carolina 0 - UCLA 0
TOP OF THE 2ND
University of South Carolina Gamecocks batting - Pitching for UCLA Bruins : RHP Jim Marshall
Batting: LHB Jose Mafano 0-0: Fly out, F8 (Flyball, 8RD, EV 101.2 MPH)
Batting: RHB Danny Rodriguez 0-0: Called Strike
0-1: Called Strike
0-2: Foul Ball, location: 2F
0-2: Ball
1-2: Strikes out looking
Batting: LHB Bruce Daley 0-0: Called Strike
0-1: Ball
1-1: Ball
2-1: Swinging Strike
2-2: Ball
3-2: Foul Ball, location: 2F
3-2: Foul Ball, location: 2F
3-2: Strikes out swinging
Top of the 2nd over - 0 runs, 0 hits, 0 errors, 0 left on base; University of South Carolina 0 - UCLA 0
BOTTOM OF THE 2ND
UCLA Bruins batting - Pitching for University of South Carolina Gamecocks : RHP Zach Clausen
Batting: RHB Xavier Reeves 0-0: Swinging Strike
0-1: Ball
1-1: Swinging Strike
1-2: Fly out, F8 (Flyball, 8RXD, EV 108.8 MPH)
Batting: RHB Angel Melendez 0-0: Called Strike
0-1: Ball
1-1: Ball
2-1: Ball
3-1: Fly out, F4 (Line Drive, 4M, EV 74.4 MPH)
Batting: RHB Michael Alvarado 0-0: Called Strike
0-1: Called Strike
0-2: Ball
1-2: Foul Ball, location: 2F
1-2: Ball
2-2: SOLO HOME RUN (Line Drive, 78XD, EV 111.9 MPH), Distance : 429 ft
Batting: RHB Roman Lauder 0-0: Called Strike
0-1: Foul Ball, location: 2F
0-2: Ball
1-2: Strikes out looking
Bottom of the 2nd over - 1 run, 1 hit, 0 errors, 0 left on base; University of South Carolina 0 - UCLA 1
TOP OF THE 3RD
University of South Carolina Gamecocks batting - Pitching for UCLA Bruins : RHP Jim Marshall
Batting: RHB Jim Smallwood 0-0: Ball
1-0: Ball
2-0: Ball
3-0: Base on Balls
Batting: RHB Pablo Henriquez 0-0: Ball
Wild Pitch!
Jim Smallwood to second
1-0: Ball
2-0: Ball
3-0: Called Strike
3-1: Fly out, F9 (Flyball, 9, EV 92.5 MPH)
Batting: RHB Christopher Arnett 0-0: Ball
1-0: Called Strike
1-1: Fly out, F8 (Line Drive, 8LD, EV 88.1 MPH)
Batting: RHB Mike Chiquete 0-0: Swinging Strike
0-1: Fly out, F7 (Flyball, 7S, EV 91.2 MPH)
Top of the 3rd over - 0 runs, 0 hits, 0 errors, 1 left on base; University of South Carolina 0 - UCLA 1
BOTTOM OF THE 3RD
UCLA Bruins batting - Pitching for University of South Carolina Gamecocks : RHP Zach Clausen
Batting: RHB Carlos Murillo 0-0: Ball
1-0: Foul Ball, location: 2F
1-1: Foul Ball, location: 2F
1-2: Ball
2-2: Ball
3-2: Strikes out swinging
Batting: LHB Bill Helmer 0-0: Foul Ball, location: 2F
0-1: Ground out 4-3 (Groundball, 4M, EV 83.1 MPH)
Batting: RHB Hidesuke Yoshida 0-0: Foul Ball, location: 2F
0-1: Ball
1-1: Ball
2-1: SINGLE (Line Drive, 6D, EV 96.9 MPH)
Batting: RHB Benedikt Fleischmann 0-0: Ball
1-0: Ball
2-0: Ball
3-0: Base on Balls
Hidesuke Yoshida to second
Batting: RHB Issac Konol 0-0: Foul Ball, location: 2F
0-1: Swinging Strike
0-2: Ball
1-2: Hit by Pitch
Hidesuke Yoshida to third
Benedikt Fleischmann to second
Batting: RHB Xavier Reeves 0-0: Ball
1-0: Ball
Wild Pitch!
Hidesuke Yoshida scores
Benedikt Fleischmann to third
Issac Konol to second
2-0: Fly out, F9 (Line Drive, 89M, EV 85.6 MPH)
Bottom of the 3rd over - 1 run, 1 hit, 0 errors, 2 left on base; University of South Carolina 0 - UCLA 2
TOP OF THE 4TH
University of South Carolina Gamecocks batting - Pitching for UCLA Bruins : RHP Jim Marshall
Batting: RHB Emanuel Estrada 0-0: Ball
1-0: Ball
2-0: Ground out 6-3 (Groundball, 6, EV 79.4 MPH)
Batting: RHB Colin Morris 0-0: SINGLE (Groundball, 34D, EV 106.2 MPH)
Batting: LHB Jose Mafano 0-0: Foul Ball, location: 2F
0-1: Ball
1-1: Fly out, F8 (Flyball, 8LD, EV 108.8 MPH)
Batting: RHB Danny Rodriguez 0-0: Ball
1-0: Ball
2-0: Ball
3-0: Called Strike
3-1: Base on Balls
Colin Morris to second
Batting: LHB Bruce Daley 0-0: Ball
1-0: Foul Ball, location: 2F
1-1: Foul Ball, location: 2F
1-2: Ground out 4-3 (Groundball, 4, EV 98.1 MPH)
Top of the 4th over - 0 runs, 1 hit, 0 errors, 2 left on base; University of South Carolina 0 - UCLA 2
BOTTOM OF THE 4TH
UCLA Bruins batting - Pitching for University of South Carolina Gamecocks : RHP Zach Clausen
Batting: RHB Angel Melendez 0-0: SINGLE (Groundball, 4D, EV 104.4 MPH)
Batting: RHB Michael Alvarado 0-0: Ground out 5-3 (Groundball, 5S, EV 82.5 MPH)
Angel Melendez to second
Batting: RHB Roman Lauder 0-0: Called Strike
0-1: Ball
1-1: Ball
2-1: Ground out U3 (Groundball, 3, EV 84.4 MPH)
Angel Melendez to third
Batting: RHB Carlos Murillo 0-0: SINGLE (Line Drive, 56D, EV 105.0 MPH)
Angel Melendez scores
Batting: LHB Bill Helmer 0-0: Called Strike
0-1: Ball
Carlos Murillo steals 2nd, throwing error, E2
Carlos Murillo to third
1-1: Ball
2-1: Ground out U3 (Groundball, 34S, EV 69.4 MPH)
Bottom of the 4th over - 1 run, 2 hits, 1 error, 1 left on base; University of South Carolina 0 - UCLA 3
TOP OF THE 5TH
University of South Carolina Gamecocks batting - Pitching for UCLA Bruins : RHP Jim Marshall
Batting: RHB Jim Smallwood 0-0: Ground out 6-3 (Groundball, 6S, EV 84.4 MPH)
Batting: RHB Pablo Henriquez 0-0: Ground out 4-3 (Groundball, 34, EV 85.6 MPH)
Batting: RHB Christopher Arnett 0-0: Ball
1-0: Foul Ball, location: 2F
1-1: Fly out, F9 (Flyball, 89D, EV 88.1 MPH)
Top of the 5th over - 0 runs, 0 hits, 0 errors, 0 left on base; University of South Carolina 0 - UCLA 3
BOTTOM OF THE 5TH
UCLA Bruins batting - Pitching for University of South Carolina Gamecocks : RHP Zach Clausen
Batting: RHB Hidesuke Yoshida 0-0: Ball
1-0: Called Strike
1-1: Called Strike
1-2: Ball
2-2: Ball
3-2: Strikes out swinging
Batting: RHB Benedikt Fleischmann 0-0: Fly out, F8 (Flyball, 89M, EV 93.1 MPH)
Batting: RHB Issac Konol 0-0: Ball
1-0: Ball
2-0: Foul Ball, location: 2F
2-1: Swinging Strike
2-2: Strikes out looking
Bottom of the 5th over - 0 runs, 0 hits, 0 errors, 0 left on base; University of South Carolina 0 - UCLA 3
TOP OF THE 6TH
University of South Carolina Gamecocks batting - Pitching for UCLA Bruins : RHP Jim Marshall
Batting: RHB Mike Chiquete 0-0: Foul Ball, location: 2F
0-1: Ball
1-1: Ground out 6-3 (Groundball, 6, EV 102.5 MPH)
Batting: RHB Emanuel Estrada 0-0: Called Strike
0-1: Ground out 6-3 (Groundball, 6, EV 109.4 MPH)
Batting: RHB Colin Morris 0-0: Fly out, F3 (Popup, 3SF, EV 68.1 MPH)
Top of the 6th over - 0 runs, 0 hits, 0 errors, 0 left on base; University of South Carolina 0 - UCLA 3
BOTTOM OF THE 6TH
UCLA Bruins batting - Pitching for University of South Carolina Gamecocks : RHP Zach Clausen
Pitching: RHP Kip Connolly
Batting: RHB Xavier Reeves 0-0: SINGLE (Line Drive, 8RS, EV 104.4 MPH)
Batting: RHB Angel Melendez 0-0: Ball
1-0: Ball
2-0: Ball
3-0: Base on Balls
Xavier Reeves to second
Batting: RHB Michael Alvarado 0-0: Swinging Strike
0-1: Swinging Strike
0-2: Ball
1-2: Foul Ball, location: 2F
1-2: Strikes out swinging
Batting: RHB Roman Lauder 0-0: Ball
1-0: Ball
2-0: Ball
3-0: Base on Balls
Xavier Reeves to third
Angel Melendez to second
Batting: RHB Carlos Murillo 0-0: Ball
1-0: Fly out, F7 (Flyball, 7D, EV 107.5 MPH)
Runner from 3rd tags up, SCORES, throw by LF
Angel Melendez to third
Batting: LHB Bill Helmer 0-0: Ball
1-0: Ball
2-0: Ball
3-0: Base on Balls
Roman Lauder to second
Batting: RHB Hidesuke Yoshida 0-0: Foul Ball, location: 2F
0-1: SINGLE (Groundball, 34D, EV 105.6 MPH)
Angel Melendez scores
Roman Lauder to third
Bill Helmer to second
Runner from 3rd tries for Home, throw by RF and OUT! 9-2
Bottom of the 6th over - 2 runs, 2 hits, 0 errors, 2 left on base; University of South Carolina 0 - UCLA 5
TOP OF THE 7TH
University of South Carolina Gamecocks batting - Pitching for UCLA Bruins : RHP Jim Marshall
Batting: LHB Jose Mafano 0-0: Called Strike
0-1: Foul Ball, location: 2F
0-2: Ball
1-2: Foul Ball, location: 2F
1-2: Strikes out swinging
Pitching: RHP Juan Zatarain
Batting: RHB Danny Rodriguez 0-0: Ball
1-0: Swinging Strike
1-1: SINGLE (Flyball, 9S, EV 87.5 MPH) - OUT at second base trying to stretch hit.
Batting: LHB Bruce Daley 0-0: Ball
1-0: Fly out, F7 (Flyball, 7S, EV 81.2 MPH)
Top of the 7th over - 0 runs, 1 hit, 0 errors, 0 left on base; University of South Carolina 0 - UCLA 5
BOTTOM OF THE 7TH
UCLA Bruins batting - Pitching for University of South Carolina Gamecocks : RHP Kip Connolly
Pitching: RHP Jose Barrientos
Batting: RHB Benedikt Fleischmann 0-0: Ground out 6-3 (Groundball, 6, EV 84.4 MPH)
Batting: RHB Issac Konol 0-0: Ball
1-0: Called Strike
1-1: Ball
2-1: Called Strike
2-2: Foul Ball, location: 2F
2-2: Ball
3-2: Base on Balls
Batting: RHB Xavier Reeves 0-0: Ball
1-0: Foul Ball, location: 2F
1-1: Foul Ball, location: 2F
1-2: Fly out, F9 (Line Drive, 89M, EV 88.1 MPH)
Pinch Hitting: LHB Mark Cummings 0-0: Ball
1-0: Ball
2-0: Called Strike
2-1: Called Strike
2-2: Strikes out looking
Bottom of the 7th over - 0 runs, 0 hits, 0 errors, 1 left on base; University of South Carolina 0 - UCLA 5
TOP OF THE 8TH
University of South Carolina Gamecocks batting - Pitching for UCLA Bruins : RHP Juan Zatarain
Now at 2B: Juan Carrillo
Batting: RHB Jim Smallwood 0-0: Called Strike
0-1: Ball
1-1: Swinging Strike
1-2: Ball
2-2: Foul Ball, location: 2F
2-2: Strikes out swinging
Pinch Hitting: RHB Carlos Viera 0-0: Called Strike
0-1: Foul Ball, location: 2F
0-2: Strikes out swinging
Batting: RHB Christopher Arnett 0-0: Ball
1-0: Foul Ball, location: 2F
1-1: Ball
2-1: Foul Ball, location: 2F
2-2: DOUBLE (Flyball, 89D, EV 107.5 MPH)
Pitching: LHP Joe Landgraff
Batting: RHB Mike Chiquete 0-0: SINGLE (Groundball, 4M, EV 105.6 MPH) (infield hit)
Christopher Arnett to third
Batting: RHB Emanuel Estrada 0-0: Ball
1-0: Ball
2-0: Called Strike
2-1: Swinging Strike
2-2: Strikes out looking
Top of the 8th over - 0 runs, 2 hits, 0 errors, 2 left on base; University of South Carolina 0 - UCLA 5
BOTTOM OF THE 8TH
UCLA Bruins batting - Pitching for University of South Carolina Gamecocks : RHP Jose Barrientos
Now at 2B: Carlos Viera
Batting: RHB Michael Alvarado 0-0: Ball
1-0: Ball
2-0: Called Strike
2-1: Swinging Strike
2-2: SINGLE (Groundball, 6MD, EV 95.6 MPH)
Batting: RHB Roman Lauder 0-0: Grounds into double play, 3-6-3 (Groundball, 3S, EV 84.4 MPH)
Batting: RHB Carlos Murillo 0-0: Called Strike
0-1: Ball
1-1: Called Strike
1-2: Ball
2-2: Ground out 6-3 (Groundball, 6M, EV 89.4 MPH)
Bottom of the 8th over - 0 runs, 1 hit, 0 errors, 0 left on base; University of South Carolina 0 - UCLA 5
TOP OF THE 9TH
University of South Carolina Gamecocks batting - Pitching for UCLA Bruins : LHP Joe Landgraff
Batting: RHB Colin Morris 0-0: Ball
1-0: Foul Ball, location: 2F
1-1: Swinging Strike
1-2: Ball
2-2: Ground out 5-3 (Groundball, 56S, EV 91.2 MPH)
Pinch Hitting: LHB Alex Vazquez 0-0: Called Strike
0-1: Foul Ball, location: 2F
0-2: Foul Ball, location: 2F
0-2: Foul Ball, location: 2F
0-2: Strikes out swinging
Batting: RHB Danny Rodriguez 0-0: Foul Ball, location: 2F
0-1: Ground out 5-3 (Groundball, 5, EV 102.5 MPH)
Top of the 9th over - 0 runs, 0 hits, 0 errors, 0 left on base; University of South Carolina 0 - UCLA 5
Tuesday, March 28th , 2023 - OOTP Baseball 23.10 Build 110